 Dungeon Crawl Stone Soup version 0.31-a0-868-g674d60d6f7 (webtiles) character file.

Game seed: 9810354640969784683

12553 promet the Arsonist (level 11, 0/91 HPs)
             Began as a Demigod Fire Elementalist on Oct 10, 2023.
             Slain by a wolf (7 damage)
             ... on level 1 of the Lair of Beasts on Oct 11, 2023.
             The game lasted 02:22:00 (27369 turns).

promet the Arsonist (Demigod Fire Elementalist)    Turns: 27369, Time: 02:22:00

Health: 0/91       AC:  6    Str: 13    XL:     11   Next: 37%
Magic:  25/26      EV: 19    Int: 25    God:
Gold:   679        SH:  5    Dex: 18    Spells: 8/25 levels left

rFire   + . .        a - +4 hand axe of Esigrira {venom, rC+ rN+}
rCold   + + .        (no shield)
rNeg    + . .        (no body armour)
rPois   .            H - +2 helmet of the Evening Star {Dex+4}
rElec   .            d - scarf {rC+ rF+}
rCorr   .            l - +1 pair of gloves
SInv    .            r - +0 pair of boots
Will    +....        V - amulet of reflection
Stlth   +++          X - +5 ring of evasion
HPRegen 0.35/turn    U - ring of wizardry
MPRegen 0.20/turn

%: reflection, wizardry (x1)
@: no status effects
A: high MP 1, forlorn, divine attributes
a: no special abilities


You were on level 1 of the Lair of Beasts.
You visited 2 branches of the dungeon, and saw 11 of its levels.

You collected 1679 gold pieces.
You spent 1000 gold pieces at shops.

Inventory:

Hand Weapons
 a - the +4 hand axe of Esigrira (weapon) {venom, rC+ rN+}
   (You found it on level 5 of the Dungeon)

   rC+:       It protects you from cold.
   rN+:       It protects you from negative energy.
 b - a +0 orcbow of freezing
 c - a +4 scimitar of flaming
 h - a +2 heavy trident
 j - a +4 trident of draining
 n - a +0 mace
 q - a +3 dagger of venom
 t - a +0 flail of holy wrath
 v - a +0 morningstar
 x - a +1 whip of pain
 J - a +0 short sword of venom
 L - a +1 heavy falchion
 N - a +0 sling
 R - a +0 rapier
Missiles
 u - 18 boomerangs
 A - 74 stones
 C - 27 poisoned darts
 Q - 5 throwing nets (quivered)
 S - 5 curare-tipped darts
Armour
 d - a scarf of resistance (worn)
 e - a +0 robe
 l - a +1 pair of gloves (worn)
 r - a +0 pair of boots (worn)
 z - +0 acid dragon scales
 G - +0 steam dragon scales
 H - the +2 helmet of the Evening Star (worn) {Dex+4}
   (You bought it in a shop on level 2 of the Dungeon)

   Dex+4:     It affects your dexterity (+4).
 K - a +0 cloak of willpower
Jewellery
 k - a ring of positive energy
 T - a ring of fire
 U - a ring of wizardry (right hand)
 V - an amulet of reflection (around neck)
 X - a +5 ring of evasion (left hand)
 Y - a +4 ring of protection
Talismans
 f - a beast talisman
Wands
 m - a wand of flame (6)
 y - a wand of polymorph (14)
 E - a wand of roots (5)
 I - a wand of mindburst (15)
 P - a wand of light (13)
 Z - a wand of paralysis (5)
Scrolls
 g - 3 scrolls of teleportation
 w - 4 scrolls of identify
 D - 3 scrolls of revelation
 M - a scroll of immolation
 O - a scroll of amnesia
Potions
 i - a potion of lignification
 o - 4 potions of attraction
 p - a potion of mutation
 s - 3 potions of cancellation
 B - 3 potions of magic
 F - 3 potions of curing
 W - a potion of heal wounds


   Skills:
 * Level 6.7 Fighting
 - Level 0.4(1.2) Short Blades
 * Level 1.9(2.0) Long Blades
 + Level 5.9(6.1) Axes
 + Level 0.4(3.6) Maces & Flails
 + Level 2.2(4.4) Polearms
 + Level 1.9 Ranged Weapons
 + Level 1.1 Throwing
 - Level 1.7 Armour
 + Level 4.1 Dodging
 - Level 3.7 Stealth
 - Level 0.3 Shields
 + Level 7.5 Spellcasting
 + Level 5.5 Conjurations
 + Level 0.4 Summonings
 + Level 3.1 Translocations
 + Level 8.0 Fire Magic
 + Level 0.4 Air Magic
 + Level 0.1 Poison Magic
 + Level 0.3 Evocations


You had 8 spell levels left.
You knew the following spells:

 Your Spells              Type           Power      Damage    Failure   Level
a - Foxfire               Conj/Fire      100%       2x1d9     1%          1
b - Scorch                Fire           98%        2d9       1%          2
c - Volatile Blastmotes   Fire/Tloc      74%        2d16      1%          3
d - Flame Wave            Conj/Fire      43%        2d11      1%          4
e - Poisonous Vapours     Pois/Air       20%        N/A       3%          2
f - Call Imp              Summ           22%        N/A       3%          2
g - Mephitic Cloud        Conj/Pois/Air  19%        N/A       3%          3

Your spell library contained the following spells:

 Spells                   Type           Power      Damage    Failure   Level
 Magic Dart               Conj           100%       1d8       1%          1
 Inner Flame              Hex/Fire       29%        N/A       1%          3
 Freeze                   Ice            36%        1d5       2%          1
 Sting                    Tmut/Pois      36%        1d4       2%          1
 Sublimation of Blood     Necr           9%         N/A       4%          2
 Ozocubu's Armour         Ice            9%         N/A       8%          3
 Summon Ice Beast         Ice/Summ       10%        N/A       22%         4
 Irradiate                Conj/Tmut      11%        3d15      22%         5
 Olgreb's Toxic Radiance  Pois           10%        N/A       24%         4
 Petrify                  Tmut/Erth      9%         N/A       26%         4
 Freezing Cloud           Conj/Ice/Air   9%         6-21      30%         5
 Summon Mana Viper        Hex/Summ       10%        N/A       52%         5
 Metabolic Englaciation   Hex/Ice        4%         N/A       54%         5
 Simulacrum               Ice/Necr       4%         N/A       98%         6
 Monstrous Menagerie      Summ           5%         N/A       100%        7


Dungeon Overview and Level Annotations

Branches:
Dungeon (10/15)            Temple (0/1) D:5            Lair (1/5) D:9
    Orc (0/2) D:9

Shops:
D:2 *   D:3 =   D:5 *   D:9 :   D:10 *

Annotations:
D:7 1 runed translucent door, petzl's ghost, novice FoDe
D:8 Amaemon


Innate Abilities, Weirdness & Mutations

You have an increased reservoir of magic. (+10% MP)
You shall have no god before yourself.
Your divine heritage dramatically boosts your attributes as you level up.


Message History

The blast of calcifying dust hits you!
* * * LOW HITPOINT WARNING * * *
The wolf is engulfed in calcifying dust.
The wolf stops moving altogether!
Your cerulean imp hits the catoblepas but does no damage.
The catoblepas misses you.
Your cerulean imp hits the catoblepas but does no damage.
Throw: 6 throwing nets
Press: ? - help, Q - select action, (/) - cycle Shift-Dir - straight line, f/p - catoblepas
Aim: a catoblepas (lightly wounded, extremely poisoned, ally target, 90% to hit)
You throw a throwing net. The throwing net hits the catoblepas.
The catoblepas is caught in the net!
The catoblepas is lightly wounded.
The catoblepas breathes a plume of calcifying dust at you.
The blast of calcifying dust hits you.
* * * LOW HITPOINT WARNING * * *
The catoblepas struggles against the net.
Your cerulean imp hits the catoblepas with a -3 spear.
The wolf bites your cerulean imp.
Your cerulean imp hits the catoblepas with a -3 spear.
You hit the catoblepas but do no damage.
The catoblepas looks as sick as possible!
The catoblepas is moderately wounded.
The wolf bites your cerulean imp. The wolf bites your cerulean imp!
Your cerulean imp dies!
Your cerulean imp disappears in a puff of smoke!
The catoblepas struggles against the net.
You hit the catoblepas but do no damage.
The catoblepas looks as sick as possible!
The catoblepas is moderately wounded.
The catoblepas breathes a plume of calcifying dust at you.
The blast of calcifying dust hits you!
* * * LOW HITPOINT WARNING * * *
The catoblepas struggles against the net.
The wolf barely misses you.
You barely miss the wolf.
You hit the catoblepas but do no damage.
The catoblepas looks as sick as possible!
You are engulfed in calcifying dust.
The wolf bites you!
You die...

.......................#
.§.....................#
.......................#
.......................#
####§...§..............#
#.§....###.####.....#
#..§...# ### ####.##
#...§..# ### #.§§@Yh#
#..§h§..# #..§§..##
#....§§# #.......#
##......# ........
........##


You could see a catoblepas (caught, extremely poisoned) and 2 wolves.

Vanquished Creatures
  Sonja (Lair:1)
  Pikel (D:4)
  Maurice (D:8)
  A black mamba (Lair:1)
  An orange demon (D:8)
  Joseph (D:6)
  Maggie (D:6)
  2 cane toads (Lair:1)
  Jeremiah (D:6)
  A polar bear (Lair:1)
  A troll (D:9)
  A hornet (D:8)
  Prince Ribbit (D:6)
  A basilisk (D:8)
  A shadow (D:10)
  2 wyverns (D:9)
  13 yaks
  3 steam dragons
  An acid dragon (D:10)
  2 water moccasins
  A two-headed ogre zombie (D:9)
  2 orc warriors (D:8)
  4 black bears
  2 sky beasts
  3 ice beasts
  An ogre (D:4)
  11 wolves
  A centaur (D:10)
  A lemure (D:4)
  3 phantoms
  2 kobold brigands
  6 bullfrogs
  Blork the orc (D:4)
  5 scorpions
  4 troll zombies (D:9)
  10 killer bees
  5 electric eels (D:7)
  A jelly (D:6)
  4 orc priests
  5 hounds
  2 gnoll boudas (D:9)
  3 iguanas
  2 sleepcaps
  Jessica (D:3)
  3 orc wizards
  3 ogre zombies (D:9)
  11 adders
  21 gnolls
  2 white imps
  3 worms
  4 dart slugs
  33 orcs
  4 bats
  10 endoplasms
  4 goblins
  7 hobgoblins
  5 jackals
  5 quokkas
  13 ball pythons
  8 frilled lizards
  A goblin zombie (D:9)
  3 hobgoblin skeletons (D:9)
  17 kobolds
  4 orc skeletons (D:9)
  16 orc zombies (D:9)
  2 rats (D:3)
296 creatures vanquished.

Vanquished Creatures (collateral kills)
  A gnoll sergeant (D:9)
  An orc skeleton (D:9)
  2 foxfires (D:3)
4 creatures vanquished.

Vanquished Creatures (others)
  An orc wizard (D:9)
  549 foxfires
550 creatures vanquished.

Grand Total: 850 creatures vanquished

Notes
Turn   | Place    | Note
-------+----------+-------------------------------------------
     0 | D:1      | promet the Demigod Fire Elementalist began the quest for
                  | the Orb.
     0 | D:1      | Reached XP level 1. HP: 14/14 MP: 5/5
    28 | D:1      | Reached skill level 1 in Conjurations
   608 | D:1      | Reached skill level 3 in Fire Magic
   742 | D:1      | Reached XP level 2. HP: 20/20 MP: 2/7
  1374 | D:1      | Upgraded the game from 0.31-a0-859-g9dce7d3444 to
                  | 0.31-a0-865-g3d5d91748a
  1952 | D:2      | Found Nonle's Assorted Antiques.
  2096 | D:2      | Reached XP level 3. HP: 22/27 MP: 1/8
  2575 | D:2      | Learned a level 2 spell: Scorch
  2848 | D:2      | Reached XP level 4. HP: 34/34 MP: 7/10
  4064 | D:3      | Reached skill level 1 in Fighting
  4923 | D:3      | Reached XP level 5. HP: 19/41 MP: 7/12
  5443 | D:3      | Found Biegihaol's Jewellery Shoppe.
  5452 | D:3      | Noticed Jessica
  5459 | D:3      | Killed Jessica
  6372 | D:4      | Noticed an ogre
  6386 | D:4      | Killed an ogre
  6528 | D:4      | Reached XP level 6. HP: 49/49 MP: 8/14
  6976 | D:4      | Learned a level 3 spell: Volatile Blastmotes
  7204 | D:4      | Noticed Blork the orc
  7265 | D:4      | Killed Blork the orc
  7266 | D:4      | Reached skill level 4 in Fire Magic
  7300 | D:4      | Noticed Pikel
  7775 | D:4      | Killed Pikel
  7776 | D:4      | Reached skill level 1 in Polearms
  7776 | D:4      | Reached XP level 7. HP: 23/57 MP: 4/16
  8242 | D:5      | Entered Level 5 of the Dungeon
  9322 | D:5      | Found Naraipp's General Store.
  9326 | D:5      | Bought a potion of heal wounds for 50 gold pieces
  9419 | D:5      | Reached skill level 5 in Fire Magic
  9592 | D:5      | Identified the +4 hand axe of Esigrira {venom, rC+ rN+}
  9615 | D:5      | Found a staircase to the Ecumenical Temple.
  9870 | D:5      | Reached XP level 8. HP: 43/66 MP: 12/18
 10316 | D:6      | Noticed Maggie
 10317 | D:6      | Noticed Prince Ribbit
 10428 | D:6      | Reached skill level 1 in Axes
 10590 | D:6      | Noticed Jeremiah
 10674 | D:6      | Reached skill level 5 in Spellcasting
 11548 | D:5      | Upgraded the game from 0.31-a0-865-g3d5d91748a to
                  | 0.31-a0-868-g674d60d6f7
 11557 | D:6      | Learned a level 4 spell: Flame Wave
 11646 | D:6      | Killed Maggie
 11647 | D:6      | Reached skill level 1 in Translocations
 11812 | D:5      | Bought a +0 sling for 15 gold pieces
 11904 | D:6      | Reached XP level 9. HP: 63/72 MP: 16/20
 11998 | D:6      | Killed Prince Ribbit
 11999 | D:6      | Reached skill level 1 in Throwing
 12272 | D:6      | Killed Jeremiah
 13291 | D:6      | Identified the +2 sling of Youthful Indiscretion {flame,
                  | rC+ Int-3 Dex+3}
 13699 | D:6      | Reached skill level 6 in Fire Magic
 13708 | D:6      | Reached skill level 1 in Armour
 14040 | D:7      | Reached skill level 5 in Fighting
 14174 | D:7      | Noticed Joseph
 14547 | D:6      | Killed Joseph
 15205 | D:7      | Found a runed translucent door.
 15205 | D:7      | Noticed petzl's ghost (novice FoDe)
 16470 | D:8      | Noticed Maurice
 16692 | D:2      | Bought an encrusted helmet for 285 gold pieces
 16692 | D:2      | Identified the +2 helmet of the Evening Star {Dex+4} (You
                  | bought it in a shop on level 2 of the Dungeon)
 17346 | D:8      | Killed Maurice
 17347 | D:8      | Reached skill level 1 in Ranged Weapons
 17347 | D:8      | Reached XP level 10. HP: 62/82 MP: 16/22
 17569 | D:8      | Reached skill level 5 in Conjurations
 18063 | D:8      | Reached skill level 7 in Fire Magic
 18381 | D:8      | Noticed Amaemon
 19027 | D:8      | Reached skill level 5 in Axes
 20141 | D:9      | Noticed a walking earthen tome
 20141 | D:9      | Noticed a walking earthen tome
 20141 | D:9      | Found Fydesup's Book Emporium.
 20274 | D:9      | Bought a Young Poisoner's Handbook for 260 gold pieces
 20277 | D:9      | Learned a level 2 spell: Poisonous Vapours
 20280 | D:9      | Learned a level 2 spell: Call Imp
 21446 | D:9      | Found a staircase to the Lair.
 21750 | D:9      | Got a vibrant book
 23098 | D:9      | Found a staircase to the Orcish Mines.
 24092 | D:10     | Entered Level 10 of the Dungeon
 24139 | D:10     | Identified 2 scrolls of acquirement
 24140 | D:10     | Acquired a ring of wizardry
 24193 | D:10     | Acquired 785 gold pieces
 24449 | D:10     | Found Miampoz's Assorted Antiques.
 24622 | D:3      | Bought an amulet of reflection for 390 gold pieces
 24915 | D:10     | Reached XP level 11. HP: 76/89 MP: 18/25
 25998 | Lair:1   | Entered Level 1 of the Lair of Beasts
 26198 | Lair:1   | Learned a level 3 spell: Mephitic Cloud
 26198 | Lair:1   | Noticed Sonja
 26211 | Lair:1   | Killed Sonja
 26405 | Lair:1   | Reached skill level 1 in Long Blades
 26769 | Lair:1   | Noticed a catoblepas
 26787 | Lair:1   | Reached skill level 8 in Fire Magic
 27369 | Lair:1   | Slain by a wolf

Illustrated notes

Levels and vault maps discovered:
D:1:      saegor_arrival_simple_d, layout_rooms, nrook_uturn
D:2:      layout_basic, serial_shops, shop, st_stairs_9,
          kennysheep_cluttered_room, minmay_goblin_kobold_house
D:3:      layout_loops_ring, nicolae_overflow_hidden_temple, serial_shops,
          nicolae_shop_gaudy_bauble, serial_forest, infiniplex_forest_diagonal,
          infiniplex_forest_end_2, infiniplex_forest_lined_corner,
          infiniplex_forest_lined_2, infiniplex_forest_clump_large,
          infiniplex_forest_clump_C, infiniplex_forest_lined_3_way,
          infiniplex_forest_straight_3, grunt_decor_clamped,
          kennysheep_generic_room_8, uniq_jessica
D:4:      layout_basic, uniq_pikel, uniq_blork_the_orc
D:5:      layout_cave_pools, lemuel_tele_altar, temple_hall, serial_shops,
          kennysheep_mini, hangedman_minor_gate_pass
D:6:      layout_basic, lemuel_doored_altar, minmay_misc_feat_square,
          uniq_prince_ribbit1, uniq_jeremiah, uniq_maggie
D:7:      layout_gridville, lemuel_round_altar, chei_slow_surprise,
          hellmonk_ghost_happy_afterlife, serial_bayou_lake_a, uniq_joseph
D:8:      layout_layer_cave, nicolae_qazlal_scattered_showers,
          kennysheep_mini_moat, amcnicky_altar_gilded, uniq_maurice,
          uniq_amaemon
D:9:      layout_cross, general_overflow_altar,
          mainiacjoe_overflow_tiny_flanked, nicolae_kikubaaqudgha_miasma_corner,
          david_lair_generic, zombieorc2_lemuel, serial_shops,
          nicolae_shop_mannequins, serial_gnoll_camp, gnoll_camp_medium_02,
          gnoll_camp_mini_loothouse, gnoll_camp_mini_doghouse,
          gnoll_camp_mini_house
D:10:     layout_gridville, xom_shifter_show, serial_shops,
          nicolae_lakefront_shop, st_stairs_2
Lair:1:   layout_hall_layers, ebering_ghost_rock_garden,
          infiniplex_staircase_pool_2, uniq_sonja

Skill      XL: |  1  2  3  4  5  6  7  8  9 10 11 |
---------------+----------------------------------+-----
Conjurations   | 1 2 3 4 5 |  5.5
Fire Magic     | 3 4 5 6 7 8 |  8.0
Spellcasting   | 2 3 4 5 6 7 |  7.5
Dodging        | 2 3 4 |  4.1
Fighting       | 2 3 4 5 6 |  6.7
Stealth        | 2 3 |  3.7
Polearms       | 1 2 |  2.2
Axes           | 2 4 5 |  5.9
Translocations | 1 2 3 |  3.1
Throwing       | 1 |  1.1
Armour         | 1 |  1.7
Ranged Weapons | 1 |  1.9
Long Blades    | 1 |  1.9
Short Blades   | |  0.4
Maces & Flails | |  0.4
Shields        | |  0.3
Summonings     | |  0.4
Air Magic      | |  0.4
Poison Magic   | |  0.1
Evocations     | |  0.3

Action                     |  1- 3 |  4- 6 |  7- 9 | 10-12 || total
---------------------------+-------+-------+-------+-------++-------
  Melee: Unarmed           |    21 |       |       |       ||    21
         Mace              |    12 |    13 |       |       ||    25
         Dagger            |       |     2 |    13 |     1 ||    16
         Trident           |       |    15 |     4 |       ||    19
         Punch             |       |     1 |       |     6 ||     7
         Hand axe          |       |       |    91 |   174 ||   265
         Scimitar          |       |       |       |    11 ||    11
   Fire: Sling             |       |       |    14 |     4 ||    18
         Orcbow            |       |       |       |    16 ||    16
  Throw: Dart              |       |     5 |    12 |     2 ||    19
         Stone             |       |       |     1 |       ||     1
         Boomerang         |       |       |       |     4 ||     4
         Throwing net      |       |       |       |     2 ||     2
   Cast: Foxfire           |    76 |    92 |    66 |    95 ||   329
         Scorch            |     2 |    38 |    32 |    58 ||   130
         Volatile Blastmot |       |     1 |    28 |    96 ||   125
         Flame Wave        |       |       |    12 |     9 ||    21
         Call Imp          |       |       |       |    22 ||    22
         Poisonous Vapours |       |       |       |     8 ||     8
  Evoke: Wand              |       |       |    12 |       ||    12
    Use: Scroll            |     2 |    12 |    12 |     9 ||    35
         Potion            |       |       |     5 |     2 ||     7
   Stab: Sleeping          |     2 |       |       |       ||     2
         Distracted        |       |       |       |     2 ||     2
 Armour: Robe              |    19 |    62 |    55 |       ||   136
         Acid dragon scale |       |       |   103 |       ||   103
         Steam dragon scal |       |       |    11 |   187 ||   198
         Skin              |       |       |       |    55 ||    55
  Dodge: Dodged            |    34 |    74 |   103 |   235 ||   446
  Block: Other             |       |       |       |    16 ||    16
         Reflection        |       |       |       |     1 ||     1
         Form:             |     1 |       |       |       ||     1
         Beast             |     1 |       |       |       ||     1

Table legend: (Time is in decaauts)
 A = Elapsed time spent in this place.
 B = Non-inter-level travel time spent in this place.
 C = Inter-level travel time spent in this place.
 D = Time resting spent in this place.
 E = Time spent auto-exploring this place.
 F = Levels seen in this place.
 G = Mean time per level.
                   A        B        C        D        E       F      G
               +--------+--------+--------+--------+--------+-----+--------+
         Total |  27511 |  25844 |   1667 |  12845 |   3987 |  11 | 2501.0 |
       Dungeon |  26136 |  24469 |   1667 |  12064 |   3957 |  10 | 2613.6 |
          Lair |   1375 |   1375 |      0 |    781 |     29 |   1 | 1375.0 |
               +--------+--------+--------+--------+--------+-----+--------+

Top non-repeatable levels by time:
     D:6: 4031 daAuts
     D:8: 3727 daAuts
     D:9: 3085 daAuts
     D:4: 2882 daAuts
     D:3: 2564 daAuts
     D:7: 2386 daAuts
     D:2: 2076 daAuts
     D:1: 1903 daAuts
     D:5: 1895 daAuts
    D:10: 1582 daAuts
  Lair:1: 1375 daAuts
